 Dungeon Crawl Stone Soup version 0.22-a0-479-gc6e99f3 (webtiles) character file.

249 iamserjio the Chopper (level 6, -2/79 HPs)
             Began as a Gnoll Berserker on June 14, 2018.
             Was a Believer of Trog.
             Slain by a scorpion (4 damage)
             ... on level 4 of the Dungeon.
             The game lasted 00:07:33 (849 turns).

iamserjio the Chopper (Gnoll Berserker)              Turns: 849, Time: 00:07:33

Health: -2/79      AC:  2    Str: 25    XL:     6   Next: 12%
Magic:  8/8        EV: 15    Int: 11    God:    Trog [**....]
Gold:   95         SH:  0    Dex: 14    Spells: 8/8 levels left

rFire    . . .     SeeInvis .   a - +0 hand axe
rCold    . . .     Gourm    .   (no shield)
rNeg     . . .     Faith    .   b - +0 animal skin
rPois    .         Spirit   .   (no helmet)
rElec    .         Reflect  .   (no cloak)
rCorr    .         Harm     .   (no gloves)
MR       .....                  (no boots)
Stlth    ..........             (no amulet)
HPRegen  0.23/turn              (no ring)
MPRegen  0.11/turn              (no ring)

@: berserking, lethally poisoned (-2 -> -11), very quick
A: distributed training, fangs 1, strong nose
a: Berserk, Trog's Hand, Renounce Religion


You were on level 4 of the Dungeon.
You worshipped Trog.
Trog was pleased with you.
You were very hungry.

You visited 1 branch of the dungeon, and saw 4 of its levels.

You collected 95 gold pieces.

Inventory:

Hand Weapons
 a - a +0 hand axe (weapon)
Missiles
 e - 39 sling bullets
 i - 30 stones (quivered)
 j - 22 bolts
 m - 9 poisoned needles
 n - 3 tomahawks
Armour
 b - a +0 animal skin (worn)
Jewellery
 g - a +2 ring of dexterity {unknown}
Scrolls
 d - a scroll of teleportation {unknown}
 h - 3 scrolls of remove curse {unknown}
 k - 3 scrolls of enchant weapon {unknown}
Potions
 l - a potion of ambrosia {unknown}
 o - 2 potions of heal wounds {unknown}
 p - a potion of haste {unknown}
Comestibles
 c - 2 rations
 f - 8 chunks of flesh


   Skills:
 + Level 6.8 Fighting
 + Level 1.8 Short Blades
 + Level 1.8 Long Blades
 + Level 6.8 Axes
 + Level 1.8 Maces & Flails
 + Level 1.8 Polearms
 + Level 1.8 Staves
 + Level 1.8 Slings
 + Level 1.8 Bows
 + Level 1.8 Crossbows
 + Level 1.8 Throwing
 + Level 4.9 Armour
 + Level 4.9 Dodging
 + Level 1.8 Stealth
 + Level 1.8 Shields
 + Level 1.8 Unarmed Combat
 + Level 1.8 Spellcasting
 + Level 1.4 Conjurations
 + Level 1.4 Hexes
 + Level 1.4 Charms
 + Level 1.4 Summonings
 + Level 1.4 Necromancy
 + Level 1.4 Translocations
 + Level 1.4 Transmutations
 + Level 1.4 Fire Magic
 + Level 1.4 Ice Magic
 + Level 1.4 Air Magic
 + Level 1.4 Earth Magic
 + Level 1.4 Poison Magic
 + Level 2.0 Invocations
 + Level 1.8 Evocations


You had 8 spell levels left.
You didn't know any spells.
Your spell library was empty.

Dungeon Overview and Level Annotations

Branches:
Dungeon (4/15)
 Temple: D:4-7

Altars:


Innate Abilities, Weirdness & Mutations

Your experience applies equally to all skills.
You have very sharp teeth.
Your uncanny sense of smell can sniff out nearby items.


Message History

Unknown command.
You hit the scorpion but do no damage.
The scorpion is severely wounded.
You feel sick. The scorpion stings you.
* * * LOW HITPOINT WARNING * * *
Okay, then.
You feel sick.
You feel sick.
You recover from your berserk rage.
Your skin stops crawling.
You feel less resistant to hostile enchantments.
* * * LOW HITPOINT WARNING * * *
You feel sick.
You see here a wand of disintegration (11).
A red film seems to cover your vision as you go berserk!
You feel yourself moving faster!
You feel mighty!
You are feeling very hungry.
* * * LOW HITPOINT WARNING * * *
You feel sick. The scorpion stings you.
You die...

###### ###
##..#..###+###..###
#.................#
#.................+
#.................#
#...........s@....#
#...............>.#
#########..##.#####?.#
.#..#####..##.##.##..#
......#.....#..........
......#.....#........
..
......#.....#........ .
......'.....#........
......#.....#........


You could see a scorpion.

Vanquished Creatures
  A scorpion (D:4)
  A howler monkey (D:4)
  An orc wizard (D:3)
  4 gnolls (D:2)
  3 adders
  An ooze (D:1)
  A worm (D:3)
  2 dart slugs
  A leopard gecko (D:3)
  8 orcs (D:3)
  A bat (D:1)
  A giant cockroach (D:2)
  7 goblins (D:2)
  10 hobgoblins
  3 jackals (D:1)
  2 kobolds
  A ball python (D:3)
  A frilled lizard (D:2)
  2 rats (D:1)
51 creatures vanquished.

Notes
Turn   | Place    | Note
-------+----------+-------------------------------------------
     0 | D:1      | iamserjio the Gnoll Berserker began the quest for the Orb.
     0 | D:1      | Reached XP level 1. HP: 23/23 MP: 1/1
    25 | D:1      | Reached XP level 2. HP: 17/29 MP: 2/2
   160 | D:2      | Reached XP level 3. HP: 35/35 MP: 3/3
   187 | D:2      | Reached skill level 1 in Invocations
   379 | D:2      | Reached skill level 1 in Short Blades
   379 | D:2      | Reached skill level 1 in Long Blades
   379 | D:2      | Reached skill level 1 in Maces & Flails
   379 | D:2      | Reached skill level 1 in Polearms
   379 | D:2      | Reached skill level 1 in Staves
   379 | D:2      | Reached skill level 1 in Slings
   379 | D:2      | Reached skill level 1 in Bows
   379 | D:2      | Reached skill level 1 in Crossbows
   379 | D:2      | Reached skill level 1 in Throwing
   379 | D:2      | Reached skill level 1 in Stealth
   379 | D:2      | Reached skill level 1 in Shields
   379 | D:2      | Reached skill level 1 in Unarmed Combat
   379 | D:2      | Reached skill level 1 in Spellcasting
   379 | D:2      | Reached skill level 1 in Evocations
   379 | D:2      | Reached XP level 4. HP: 30/41 MP: 5/5
   381 | D:2      | Reached ** piety under Trog
   492 | D:2      | Reached skill level 1 in Conjurations
   492 | D:2      | Reached skill level 1 in Hexes
   492 | D:2      | Reached skill level 1 in Charms
   492 | D:2      | Reached skill level 1 in Summonings
   492 | D:2      | Reached skill level 1 in Necromancy
   492 | D:2      | Reached skill level 1 in Translocations
   492 | D:2      | Reached skill level 1 in Transmutations
   492 | D:2      | Reached skill level 1 in Fire Magic
   492 | D:2      | Reached skill level 1 in Ice Magic
   492 | D:2      | Reached skill level 1 in Air Magic
   492 | D:2      | Reached skill level 1 in Earth Magic
   492 | D:2      | Reached skill level 1 in Poison Magic
   639 | D:3      | Reached XP level 5. HP: 36/47 MP: 5/7
   792 | D:4      | Reached XP level 6. HP: 53/53 MP: 8/8
   849 | D:4      | HP: 2/79 [poisoned by a scorpion]
   849 | D:4      | Slain by a scorpion

Vault maps used:
D:1:      onia_arrival_handbag
D:2:      cheibrodos_greedy_goblins, kennysheep_generic_room_15
D:4:      kiku_gazebo_pond_becter, uniq_edmund

Skill      XL: |  1  2  3  4  5 |
---------------+----------------+-----
Invocations    | 1 2 |  2.0
Short Blades   | 1 |  1.8
Long Blades    | 1 |  1.8
Maces & Flails | 1 |  1.8
Polearms       | 1 |  1.8
Staves         | 1 |  1.8
Slings         | 1 |  1.8
Bows           | 1 |  1.8
Crossbows      | 1 |  1.8
Throwing       | 1 |  1.8
Stealth        | 1 |  1.8
Shields        | 1 |  1.8
Unarmed Combat | 1 |  1.8
Spellcasting   | 1 |  1.8
Evocations     | 1 |  1.8
Conjurations   | 1 |  1.4
Hexes          | 1 |  1.4
Charms         | 1 |  1.4
Summonings     | 1 |  1.4
Necromancy     | 1 |  1.4
Translocations | 1 |  1.4
Transmutations | 1 |  1.4
Fire Magic     | 1 |  1.4
Ice Magic      | 1 |  1.4
Air Magic      | 1 |  1.4
Earth Magic    | 1 |  1.4
Poison Magic   | 1 |  1.4
Fighting       | |  6.8
Axes           | |  6.8
Armour         | |  4.9
Dodging        | |  4.9

Action                   |  1- 3 |  4- 6 || total
-------------------------+-------+-------++-------
Melee: Hand axe          |    53 |    91 ||   144
       Bite              |     5 |    11 ||    16
Invok: Berserk           |     3 |     4 ||     7
       Trog's Hand       |       |     4 ||     4
  Use: Potion            |     1 |       ||     1
 Stab: Sleeping          |     1 |       ||     1
  Eat: Chunk             |       |     7 ||     7
Armor: Animal skin       |    10 |    14 ||    24
Dodge: Dodged            |    44 |    57 ||   101

Table legend:
 A = Spawn XP
 B = Non-spawn XP
 C = Spawn XP percentage of total XP
 D = Spawn monster count
 E = Non-spawn monster count
 F = Spawn count percentage of total count
 G = Total turns spent on level
                    A         B        C        D         E        F      G
               +---------+---------+-------+---------+---------+-------+---------
         Total |       0 |     357 |   0.0 |       0 |      51 |   0.0 |   849
               +---------+---------+-------+---------+---------+-------+---------
           D:1 |       0 |      24 |   0.0 |       0 |       9 |   0.0 |   156
           D:2 |       0 |     117 |   0.0 |       0 |      24 |   0.0 |   391
           D:3 |       0 |      84 |   0.0 |       0 |      15 |   0.0 |   221
           D:4 |       0 |     132 |   0.0 |       0 |       3 |   0.0 |    81
               +---------+---------+-------+---------+---------+-------+---------
